 Dungeon Crawl Stone Soup version 0.25-a0-589-g1e14c549ee (webtiles) character file.

Game seed: 4998970621769387530, levelgen mode: deterministic

116 Kohma the Slasher (level 4, -5/35 HPs)
             Began as a Demonspawn Gladiator on Mar 11, 2020.
             Killed by divine providence
             ... invoked by an orc priest
              (15 damage)
             ... on level 3 of the Dungeon.
             The game lasted 00:04:22 (2001 turns).

Kohma the Slasher (Demonspawn Gladiator)            Turns: 2001, Time: 00:04:22

Health: -5/35      AC:  5    Str: 14    XL:     4   Next: 69%
Magic:  0/4        EV: 12    Int: 10    God:
Gold:   83         SH:  0    Dex: 15    Spells: 3/3 levels left

rFire    . . .     SeeInvis .   a - +0 long sword
rCold    . . .     Gourm    .   (no shield)
rNeg     . . .     Faith    .   s - +0 ring mail
rPois    .         Spirit   +   (helmet restricted)
rElec    .         Reflect  .   (no cloak)
rCorr    .         Harm     .   (no gloves)
MR       .....                  (no boots)
Stlth    +.........             (no amulet)
HPRegen  0.11/turn              (no ring)
MPRegen  0.09/turn              (no ring)

@: lethally poisoned (-5 -> -9)
A: horns 1, magic shield
a: no special abilities


You were on level 3 of the Dungeon.
You were not hungry.

You visited 1 branch of the dungeon, and saw 3 of its levels.

You collected 83 gold pieces.

Inventory:

Hand Weapons
 a - a +0 long sword (weapon)
Missiles
 d - 3 throwing nets (quivered)
 l - 15 poisoned darts
Armour
 s - a +0 ring mail (worn)
Scrolls
 g - 2 scrolls of blinking {unknown}
 i - 2 scrolls of teleportation {unknown}
 j - 2 scrolls of random uselessness {unknown}
 k - 2 scrolls of magic mapping {unknown}
 m - a scroll of amnesia {unknown}
 n - 3 scrolls of identify {unknown}
 o - 3 scrolls of remove curse {unknown}
 p - a scroll of enchant weapon {unknown}
Potions
 b - a potion of stabbing {unknown}
 e - a potion of degeneration {unknown}
 q - a potion of invisibility {unknown}
 r - a potion of curing {unknown}
Comestibles
 c - 3 chunks of flesh
 f - 7 rations


   Skills:
 + Level 3.5 Fighting
 - Level 4.0 Long Blades
 - Level 1.7 Throwing
 - Level 3.0 Dodging


You had 3 spell levels left.
You didn't know any spells.
Your spell library was empty.

Dungeon Overview and Level Annotations

Branches:
Dungeon (3/15)

Altars:
Ashenzari
Fedhas
Kikubaaqudgha
Nemelex Xobeh
Zin
The Shining One


Innate Abilities, Weirdness & Mutations

You have a pair of small horns on your head.
When hurt, damage is shared between your health and your magic reserves.


Message History

The orc priest hits you with a cursed +0 morningstar!
You are too injured to fight recklessly!
You are too injured to fight recklessly!
You are too injured to fight recklessly!
You hit the adder.
The adder is lightly wounded.
You feel sick. The adder bites you. The orc priest barely misses you.
You closely miss the adder.
The adder is lightly wounded.
You feel sick. The adder closely misses you. The adder bites you.
The orc priest calls down the wrath of Beogh upon you.
Pain shoots through your body!
* * * LOW HITPOINT WARNING * * *
You closely miss the adder.
The adder is lightly wounded.
The adder bites you.
* * * LOW HITPOINT WARNING * * *
The orc priest invokes the aid of Beogh against you.
Beogh smites you!
You die...

#..#........######
#.................
#.........##......
#..#########......
#.......?# #.....
##........# #.....
######......>..#
#.....
............(..#
#.(...
.....|o@.......#
#.....
......S........#
####<.
...............#
###
.....#..########
.....#..# ....
...# .#. ....#
#....#.#


You could see an orc priest and an adder.

Vanquished Creatures
  2 adders (D:2)
  2 oozes (D:1)
  2 dart slugs
  3 leopard geckos
  2 orcs (D:3)
  5 bats
  3 giant cockroaches
  6 goblins
  8 hobgoblins
  14 jackals
  5 kobolds
  2 quokkas (D:2)
  2 ball pythons
  5 frilled lizards
  11 rats
72 creatures vanquished.

Notes
Turn   | Place    | Note
-------+----------+-------------------------------------------
     0 | D:1      | Kohma the Demonspawn Gladiator began the quest for the Orb.
     0 | D:1      | Reached XP level 1. HP: 16/16 MP: 1/1
    43 | D:1      | Reached skill level 3 in Long Blades
    43 | D:1      | Gained mutation: You have a pair of small horns on your
                  | head. [demonic ancestry]
    43 | D:1      | Reached XP level 2. HP: 7/22 MP: 2/2
   516 | D:1      | Reached XP level 3. HP: 28/28 MP: 3/3
  1158 | D:2      | Gained mutation: When hurt, damage is shared between your
                  | health and your magic reserves. [demonic ancestry]
  1158 | D:2      | Reached XP level 4. HP: 30/35 MP: 4/4
  1490 | D:2      | Found an ancient bone altar of Kikubaaqudgha.
  1491 | D:2      | Found a glowing silver altar of Zin.
  1495 | D:2      | Found a sparkling altar of Nemelex Xobeh.
  1718 | D:2      | Found a shattered altar of Ashenzari.
  1719 | D:2      | Found a blossoming altar of Fedhas.
  1936 | D:3      | Found a glowing golden altar of the Shining One.
  1992 | D:3      | Reached skill level 4 in Long Blades
  2001 | D:3      | Killed from afar by an orc priest

Levels and vault maps discovered:
D:1:      zelgadis_glass_arrival_small, layout_rooms
D:2:      layout_loops_ring, minitemple,
          chequers_temple_overflow_statue_of_worship, first_ration
D:3:      cheibrodos_pilgrimage, layout_rooms, lemuel_round_altar,
          gammafunk_temple_overflow_elements, serial_corexii_hall,
          chequers_hall_statues_y, chequers_hall_statues_y

Skill      XL: |  1  2  3  4 |
---------------+-------------+-----
Long Blades    | 3 4 |  4.0
Dodging        | 3 |  3.0
Fighting       | 3 |  3.5
Throwing       | |  1.7

Action                   |  1- 3 |  4- 6 || total
-------------------------+-------+-------++-------
Melee: Long sword        |    84 |    74 ||   158
       Headbutt          |    16 |    16 ||    32
 Stab: Sleeping          |     1 |       ||     1
  Eat: Chunk             |     1 |     3 ||     4
Armor: Leather armour    |    22 |     1 ||    23
       Ring mail         |       |    24 ||    24
Dodge: Dodged            |    83 |    52 ||   135
       Rpst.: Long sword |    28 |    13 ||    41

Table legend:
 A = Non-vault XP
 B = Vault XP
 C = Vault XP percentage of total XP
 D = Non-vault monster count
 E = Vault monster count
 F = Vault count percentage of total count
                 A         B        C        D         E       F
            +---------+---------+-------+---------+---------+-------
      Total |     166 |       0 |   0.0 |      72 |       0 |   0.0
            +---------+---------+-------+---------+---------+-------
        D:1 |      62 |       0 |   0.0 |      30 |       0 |   0.0
        D:2 |      82 |       0 |   0.0 |      32 |       0 |   0.0
        D:3 |      22 |       0 |   0.0 |      10 |       0 |   0.0
            +---------+---------+-------+---------+---------+-------
